 Dungeon Crawl Stone Soup version 0.21.1-1-g345015f (webtiles) character file.

335 tidbits the Insei (level 6, 14/47 HPs)
             Began as a Gnoll Transmuter on Mar 6, 2018.
             Quit the game on level 5 of the Dungeon.
             The game lasted 00:06:48 (701 turns).

tidbits the Insei (Gnoll Transmuter)                 Turns: 701, Time: 00:06:48

Health: 14/47      AC:  4    Str: 12    XL:     6   Next: 53%
Magic:  14/14      EV: 21    Int: 24    God:
Gold:   158        SH:  0    Dex: 20    Spells: 9/15 levels left

rFire    . . .     SeeInvis .     - Unarmed
rCold    . . .     Gourm    .   (no shield)
rNeg     . . .     Faith    .   b - +0 robe
rPois    .         Spirit   .   (no helmet)
rElec    .         Reflect  .   (no cloak)
rCorr    .         Harm     .   (no gloves)
MR       .....                  (no boots)
Stlth    +++.......             (no amulet)
HPRegen  0.00/turn              r - +6 ring of intelligence
MPRegen  0.14/turn              (no ring)

@: agile, marked, hasted, very quick
A: distributed training, fangs 1, yellow scales 1, inhibited regeneration,
sturdy frame 1, strong nose
a: no special abilities


You were on level 5 of the Dungeon.
You were not hungry.

You visited 1 branch of the dungeon, and saw 6 of its levels.

You collected 158 gold pieces.

Inventory:

Hand Weapons
 g - a +0 dagger
 h - a +0 war axe
 y - a +0 shortbow
Missiles
 a - 53 arrows
 e - 20 sling bullets
Armour
 b - a +0 robe (worn)
 q - a +0 shield
 u - a +0 ring mail
Jewellery
 r - a +6 ring of intelligence (left hand)
   (You found it on level 4 of the Dungeon)
Wands
 p - a wand of random effects (24)
Scrolls
 f - a scroll of amnesia {unknown}
 i - a scroll of fear {unknown}
 n - a scroll of remove curse
 o - a scroll of teleportation {unknown}
 x - a scroll of enchant weapon
Potions
 j - a potion of might {unknown}
 k - a potion of berserk rage {unknown}
 t - a potion of mutation {!q}
Books
 c - a book of Changes

   Spells                             Type                      Level
   a - Beastly Appendage              Transmutation                1
   b - Sticks to Snakes               Transmutation                2
   c - Spider Form                    Transmutation/Poison         3
   d - Ice Form                       Ice/Transmutation            4
   e - Blade Hands                    Transmutation                5
Comestibles
 d - 2 rations


   Skills:
 + Level 3.2 Fighting
 + Level 2.0 Short Blades
 + Level 2.0 Long Blades
 + Level 2.0 Axes
 + Level 2.0 Maces & Flails
 + Level 2.0 Polearms
 + Level 2.0 Staves
 + Level 2.0 Slings
 + Level 2.0 Bows
 + Level 2.0 Crossbows
 + Level 2.0 Throwing
 + Level 2.0 Armour
 + Level 5.0 Dodging
 + Level 2.0 Stealth
 + Level 2.0 Shields
 + Level 6.8 Unarmed Combat
 + Level 5.3 Spellcasting
 + Level 1.5 Conjurations
 + Level 1.5 Hexes
 + Level 1.5 Charms
 + Level 1.5 Summonings
 + Level 1.5 Necromancy
 + Level 1.5 Translocations
 + Level 4.1 Transmutations
 + Level 1.5 Fire Magic
 + Level 1.5 Ice Magic
 + Level 1.5 Air Magic
 + Level 1.5 Earth Magic
 + Level 1.5 Poison Magic
 + Level 2.1 Invocations
 + Level 2.0 Evocations


You had 9 spell levels left.
You knew the following spells:

 Your Spells              Type           Power        Failure   Level  Hunger
e - Beastly Appendage     Tmut           ####..       1%          1    None
k - Sticks to Snakes      Tmut           ####....     2%          2    None
p - Spider Form           Tmut/Pois      ###.......   8%          3    ##.....


Dungeon Overview and Level Annotations

Branches:
Dungeon (6/15)
 Temple: D:4-7

Altars:
Elyvilon

Annotations:
D:5 Crelarid's ghost, novice GnSk


Innate Abilities, Weirdness & Mutations

Your experience applies equally to all skills.
You have very sharp teeth.
Your uncanny sense of smell can sniff out nearby items.
You are partially covered in yellow scales. (AC +2)
You do not regenerate when monsters are visible.
Your movements are slightly less encumbered by armour. (ER -2)


Message History

You hit the human skeleton.
The human skeleton is severely damaged.
You hear the hiss of an avalanche of sand nearby.
The human skeleton completely misses you.
You hit the human skeleton.
The human skeleton is almost destroyed.
You bite the human skeleton!
You destroy the human skeleton!
Your Short Blades skill increases to level 2!
Your Long Blades skill increases to level 2!
Your Axes skill increases to level 2!
Your Maces & Flails skill increases to level 2!
Your Polearms skill increases to level 2!
Your Staves skill increases to level 2!
Your Slings skill increases to level 2!
Your Bows skill increases to level 2!
Your Crossbows skill increases to level 2!
Your Throwing skill increases to level 2!
Your Armour skill increases to level 2!
Your Stealth skill increases to level 2!
Your Shields skill increases to level 2!
Your Evocations skill increases to level 2!
There is an open door here.
You close the door.
You open the door.
There is an open door here.
You open the door.
Found 11 gold pieces.
There is an open door here.
You see here 11 gold pieces.
You now have 158 gold pieces (gained 11).
There is an open door here.
You open the door.
An elf zombie comes into view.
Your transformation is almost over.
Casting: Spider Form
Confirm with . or Enter, or press ? or * to list all spells.
You create 2 snakes!
You now have 53 arrows.
Something hits your ball python!
Your ball python dies!
The elf zombie closely misses you.
Crelarid's ghost (novice Gnoll Skald) comes into view.
The elf zombie misses you.
Unknown command.
You feel yourself speed up.
Crelarid's ghost mumbles some strange words.
Space distorts along a thin shroud covering Crelarid's ghost's form.
Your ball python barely misses the elf zombie.
Your ball python grabs the elf zombie.
Your ball python constricts the elf zombie.
It was a potion of mutation.
You feel extremely strange.
Yellow scales grow over part of your body.
Your regeneration stops near monsters.
You feel less encumbered by your armour.
The elf zombie misses you. Crelarid's ghost hits you!
* * * LOW HITPOINT WARNING * * *
Your ball python bites the elf zombie.
Your ball python constricts the elf zombie.
Okay, then.
It was a potion of magic.
Magic courses through your body. The elf zombie completely misses you.
It was a potion of agility.
You feel agile all of a sudden.
Your ball python completely misses the elf zombie.
Your ball python constricts the elf zombie.
Crelarid's ghost hits you!
* * * LOW HITPOINT WARNING * * *
It was a potion of heal wounds.
You feel much better.
Your ball python bites the elf zombie but does no damage.
Your ball python constricts the elf zombie.
Crelarid's ghost completely misses you. The elf zombie completely misses you.
You closely miss Crelarid's ghost.
Your ball python bites the elf zombie.
Your ball python constricts the elf zombie.
You hit Crelarid's ghost but do no damage.
Crelarid's ghost says, "If you think I look tough now, just wait!"
Crelarid's ghost closely misses you.
Crelarid's ghost's shroud bends your attack away.
Your ball python bites the elf zombie.
Your ball python constricts the elf zombie.
The elf zombie completely misses you.
You closely miss Crelarid's ghost. Crelarid's ghost completely misses you.
Your ball python bites the elf zombie but does no damage.
Your ball python constricts the elf zombie.
You hit Crelarid's ghost.
Crelarid's ghost is lightly damaged.
The elf zombie completely misses you. Crelarid's ghost barely misses you.
An adder comes into view.
You hit Crelarid's ghost but do no damage.
Crelarid's ghost is lightly damaged.
Your ball python bites the elf zombie.
Your ball python constricts the elf zombie.
You hit Crelarid's ghost but do no damage.
Crelarid's ghost is lightly damaged.
Your ball python bites the elf zombie.
Your ball python constricts the elf zombie.
The elf zombie misses you. Crelarid's ghost hits you!
* * * LOW HITPOINT WARNING * * *
You hit Crelarid's ghost.
Crelarid's ghost is lightly damaged.
Your transformation has ended.
Your +0 robe unmelds from your body.
Are you sure you want to abandon this character and quit the game? (Confirm with "yes".)

#.....#....... ∆
###....###....
#....# .... #....#
....
###....###.... ###
#............# #.+
#.............
#+#Z###...........
+..@S.#...........
#..W###...........
+...S.#....#######
#+#+#.#....#
#.#....# #+#....#
#...#### #####


You could see Crelarid's ghost, an adder, an elf zombie and a friendly ball
python.

Vanquished Creatures
  A centaur (D:5)
  A bullfrog skeleton (D:4)
  A hound (D:4)
  A human skeleton (D:5)
  An iguana (D:2)
  An orc wizard (D:4)
  2 worker ants
  An adder (D:2)
  A shadow imp (D:4)
  A dart slug (D:1)
  A leopard gecko (D:2)
  5 orcs
  A ball python (D:3)
  3 bats
  7 goblins
  A hobgoblin (D:1)
  2 kobolds (D:3)
  2 frilled lizards
  2 rats (D:1)
35 creatures vanquished.

Vanquished Creatures (collateral kills)
  A bullfrog skeleton (D:4)
  An orc (D:4)
2 creatures vanquished.

Grand Total: 37 creatures vanquished

Notes
Turn   | Place    | Note
-------+----------+-------------------------------------------
     0 | D:1      | tidbits the Gnoll Transmuter began the quest for the Orb.
     0 | D:1      | Reached XP level 1. HP: 17/17 MP: 6/6
    43 | D:1      | Reached XP level 2. HP: 16/23 MP: 4/7
   100 | D:1      | Learned a level 2 spell: Sticks to Snakes
   128 | D:2      | Reached XP level 3. HP: 23/28 MP: 5/9
   130 | D:2      | Reached skill level 5 in Spellcasting
   135 | D:2      | Learned a level 3 spell: Spider Form
   146 | D:2      | Reached skill level 1 in Invocations
   153 | D:3      | Reached skill level 1 in Short Blades
   153 | D:3      | Reached skill level 1 in Long Blades
   153 | D:3      | Reached skill level 1 in Axes
   153 | D:3      | Reached skill level 1 in Maces & Flails
   153 | D:3      | Reached skill level 1 in Polearms
   153 | D:3      | Reached skill level 1 in Staves
   153 | D:3      | Reached skill level 1 in Slings
   153 | D:3      | Reached skill level 1 in Bows
   153 | D:3      | Reached skill level 1 in Crossbows
   153 | D:3      | Reached skill level 1 in Throwing
   153 | D:3      | Reached skill level 1 in Armour
   153 | D:3      | Reached skill level 1 in Stealth
   153 | D:3      | Reached skill level 1 in Shields
   153 | D:3      | Reached skill level 1 in Evocations
   161 | D:3      | Reached XP level 4. HP: 27/34 MP: 7/11
   218 | D:4      | Reached skill level 1 in Conjurations
   218 | D:4      | Reached skill level 1 in Hexes
   218 | D:4      | Reached skill level 1 in Charms
   218 | D:4      | Reached skill level 1 in Summonings
   218 | D:4      | Reached skill level 1 in Necromancy
   218 | D:4      | Reached skill level 1 in Translocations
   218 | D:4      | Reached skill level 1 in Fire Magic
   218 | D:4      | Reached skill level 1 in Ice Magic
   218 | D:4      | Reached skill level 1 in Air Magic
   218 | D:4      | Reached skill level 1 in Earth Magic
   218 | D:4      | Reached skill level 1 in Poison Magic
   241 | D:4      | Reached XP level 5. HP: 40/40 MP: 0/12
   251 | D:4      | Reached skill level 3 in Fighting
   257 | D:4      | Reached skill level 4 in Transmutations
   328 | D:4      | Found a white marble altar of Elyvilon.
   449 | D:5      | Entered Level 5 of the Dungeon
   550 | D:5      | Reached XP level 6. HP: 43/47 MP: 9/13
   614 | D:5      | Reached skill level 5 in Dodging
   614 | D:5      | Reached skill level 2 in Invocations
   672 | D:5      | Reached skill level 2 in Short Blades
   672 | D:5      | Reached skill level 2 in Long Blades
   672 | D:5      | Reached skill level 2 in Axes
   672 | D:5      | Reached skill level 2 in Maces & Flails
   672 | D:5      | Reached skill level 2 in Polearms
   672 | D:5      | Reached skill level 2 in Staves
   672 | D:5      | Reached skill level 2 in Slings
   672 | D:5      | Reached skill level 2 in Bows
   672 | D:5      | Reached skill level 2 in Crossbows
   672 | D:5      | Reached skill level 2 in Throwing
   672 | D:5      | Reached skill level 2 in Armour
   672 | D:5      | Reached skill level 2 in Stealth
   672 | D:5      | Reached skill level 2 in Shields
   672 | D:5      | Reached skill level 2 in Evocations
   687 | D:5      | Noticed Crelarid's ghost (novice GnSk)
   689 | D:5      | Gained mutation: You are partially covered in yellow scales. (AC +2) [potion of mutation]
   689 | D:5      | Gained mutation: You do not regenerate when monsters are visible. [potion of mutation]
   689 | D:5      | Gained mutation: Your movements are slightly less encumbered by armour. (ER -2) [potion of mutation]
   701 | D:5      | Quit the game

Skill      XL: |  1  2  3  4  5  6 |
---------------+-------------------+-----
Spellcasting   | 5 |  5.3
Invocations    | 1 2 |  2.1
Short Blades   | 1 2 |  2.0
Long Blades    | 1 2 |  2.0
Axes           | 1 2 |  2.0
Maces & Flails | 1 2 |  2.0
Polearms       | 1 2 |  2.0
Staves         | 1 2 |  2.0
Slings         | 1 2 |  2.0
Bows           | 1 2 |  2.0
Crossbows      | 1 2 |  2.0
Throwing       | 1 2 |  2.0
Armour         | 1 2 |  2.0
Stealth        | 1 2 |  2.0
Shields        | 1 2 |  2.0
Evocations     | 1 2 |  2.0
Conjurations   | 1 |  1.5
Hexes          | 1 |  1.5
Charms         | 1 |  1.5
Summonings     | 1 |  1.5
Necromancy     | 1 |  1.5
Translocations | 1 |  1.5
Fire Magic     | 1 |  1.5
Ice Magic      | 1 |  1.5
Air Magic      | 1 |  1.5
Earth Magic    | 1 |  1.5
Poison Magic   | 1 |  1.5
Fighting       | 3 |  3.2
Transmutations | 4 |  4.1
Dodging        | 5 |  5.0
Unarmed Combat | |  6.8

Action                   |  1- 3 |  4- 6 || total
-------------------------+-------+-------++-------
Melee: Unarmed           |    36 |    63 ||    99
       Headbutt          |     3 |     2 ||     5
       Bite              |     2 |     1 ||     3
 Cast: Beastly Appendage |     6 |     2 ||     8
       Sticks to Snakes  |     1 |     5 ||     6
       Spider Form       |     1 |     6 ||     7
  Use: Potion            |       |     6 ||     6
       Scroll            |       |     3 ||     3
 Stab: Sleeping          |     2 |       ||     2
Armor: Robe              |     1 |       ||     1
Dodge: Dodged            |    14 |    69 ||    83

Table legend:
 A = Turns spent in this place as a percentage of turns spent in the entire game.
 B = Non-inter-level travel turns spent in this place as a percentage of non-inter-level travel turns spent in the entire game.
 C = Inter-level travel turns spent in this place as a percentage of turns spent in this place.
 D = Turns resting spent in this place as a percentage of non-inter-level travel turns spent in this place.
 E = Turns spent auto-exploring this place as a percentage of non-inter-level travel turns spent in this place.
 F = Non-inter-level travel turns spent in this place divided by the number of levels of this place that you've seen.
                   A       B       C       D       E      F
               +-------+-------+-------+-------+-------+----------------------
         Total | 100.0 | 100.0 |   0.0 |   0.0 |   0.0 | 116.8
       Dungeon | 100.0 | 100.0 |   0.0 |   0.0 |   0.0 | 116.8
               +-------+-------+-------+-------+-------+----------------------

Table legend:
 A = Kills in this place as a percentage of kills in entire the game.
 B = Kills by you in this place as a percentage of kills by you in the entire game.
 C = Kills by friends in this place as a percentage of kills by friends in the entire game.
 D = Other kills in this place as a percentage of other kills in the entire game.
 E = Experience gained in this place as a percentage of experience gained in the entire game.
 F = Experience gained in this place divided by the number of levels of this place that you have seen.
                   A       B       C       D       E      F
               +-------+-------+-------+-------+-------+----------------------
         Total | 100.0 | 100.0 | 100.0 |   N/A | 100.0 |  79.8
       Dungeon | 100.0 | 100.0 | 100.0 |   N/A | 100.0 |  79.8
               +-------+-------+-------+-------+-------+----------------------

Vault maps used:
D:1:      minmay_arrival_semitransparent, kennysheep_boxes
D:2:      yredelemnul_altar_generic, ashenzari_altar_1,
          gammafunk_temple_overflow_elements
D:3:      grunt_temple_overflow_forces_of_nature, first_ration,
          trog_three_pillars_becter
D:4:      elyvilon_altar_5
D:5:      nicolae_ossuary_entry_catacombs
D:6:      gup_sewer_entry_bubbles, basic_altar, serial_shops, shop
